 Dungeon Crawl Stone Soup version 0.32-a0-471-gb91d5d9764 (webtiles) character file.

Game seed: 12384837887036790213

181 Leszczynek the Apothecary (level 5, -4/57 HPs)
             Began as an Oni Alchemist on Feb 25, 2024.
             Was an Initiate of Hepliaklqana.
             Slain by Pikel
             ... wielding a +1 whip of flaming
              (9 damage)
             ... on level 3 of the Dungeon.
             The game lasted 00:21:01 (2451 turns).

Leszczynek the Apothecary (Oni Alchemist)           Turns: 2451, Time: 00:21:01

Health: -4/57      AC:  4    Str: 12 (15) XL:     5   Next: 61%
Magic:  9/9        EV:  9    Int: 20 (21) God:    Hepliaklqana [......]
Gold:   154        SH:  0    Dex:  5 (7)  Spells: 3/9 levels left

rFire   + . .        a - +0 quarterstaff
rCold   + . .        (shield currently unavailable)
rNeg    . . .        p - +1 robe
rPois   +            (helmet restricted)
rElec   +            (no cloak)
rCorr   +            (gloves unavailable)
SInv    .            (boots unavailable)
Will    .....        (no amulet)
Stlth   +            h - ring of wizardry
HPRegen 0.29/turn    o - +4 ring of slaying
MPRegen 0.11/turn

%: wizardry (x1)
@: resistant, weak-willed
A: large, unfitting armour, horns 1, tough skin 1, double potion healing,
drunken brawling, clever 1, robust 1, strong 1
a: Renounce Religion


You were on level 3 of the Dungeon.
You worshipped Hepliaklqana.
Hepliaklqana was noncommittal.
You visited 1 branch of the dungeon, and saw 4 of its levels.

You collected 154 gold pieces.

Inventory:

Hand Weapons
 a - a +0 quarterstaff (weapon)
 c - a +0 whip
 k - a +0 spear
 n - a +0 mace
Armour
 p - a +1 robe (worn)
Jewellery
 h - a ring of wizardry (left hand)
 o - a +4 ring of slaying (right hand)
Scrolls
 i - a scroll of identify {@r1}
 j - 2 scrolls of vulnerability {!r}
 m - a scroll of enchant weapon
 q - a scroll of poison {unknown}
 s - a scroll of noise {unknown}
Potions
 b - a potion of magic


   Skills:
 + Level 2.8 Fighting
 - Level 1.7 Dodging
 - Level 1.4 Stealth
 + Level 2.8 Spellcasting
 * Level 2.7 Conjurations
 - Level 2.0 Air Magic
 - Level 3.3 Alchemy


You had 3 spell levels left.
You knew the following spells:

 Your Spells              Type           Power      Damage    Failure   Level
a - Sting                 Conj/Alch      60%        1d6       1%          1
b - Mercury Vapours       Alch/Air       26%        N/A       3%          2
c - Mephitic Cloud        Conj/Alch/Air  13%        N/A       6%          3

Your spell library contained the following spells:

 Spells                   Type           Power      Damage    Failure   Level
 Freeze                   Ice            8%         1d3       6%          1
 Hailstorm                Conj/Ice       8%         3d5       10%         3
 Frozen Ramparts          Ice            4%         1d1       17%         3
 Olgreb's Toxic Radiance  Alch           16%        N/A       14%         4
 Sticky Flame             Fire/Alch      9%         2d5       28%         4


Dungeon Overview and Level Annotations

Branches:
Dungeon (4/15)
 Temple: D:4-7

Altars:
Dithmenos
Fedhas
Hepliaklqana
Makhleb

Portals:
Abyss: D:3

Annotations:
D:3 2 transporters (?blink), 1Anon's ghost, amateur GnSu; Pikel


Innate Abilities, Weirdness & Mutations

You are too large for most types of armour.
You have a pair of small horns on your head.
You have tough skin. (AC +1)
You gain doubled healing and magic from potions.
Whenever you drink a healing potion, you attack all around you.
Your mind is acute. (Int +4, Str/Dex -1)
You are robust. (+10% HP)
Your muscles are strong. (Str +4, Int/Dex -1)


Message History

Unknown command.
As you read the scroll labelled COLYAC XIHED, it crumbles to dust.
A wave of despondency washes over your surroundings.
It was a scroll of vulnerability.
Pikel hits you but does no damage. The lemure hits you but does no damage.
Unknown command.
As you read the scroll labelled KALAHO JEAL, it crumbles to dust.
It is a scroll of identify.
m - a scroll of enchant weapon Pikel hits you but does no damage.
The lemure hits you.
* * * LOW HITPOINT WARNING * * *
Unknown command.
Unknown command.
As you read the scroll labelled DIOGOMN EPIODD, it crumbles to dust.
It is a scroll of enchant armour.
Your +0 robe glows green for a moment.
Pikel hits you with a +1 whip of flaming.
* * * LOW HITPOINT WARNING * * *
The lemure hits you but does no damage.
Unknown command.
Unknown command.
Okay, then.
You hit Pikel but do no damage.
Pikel is moderately wounded.
Pikel hits you with a +1 whip of flaming.
* * * LOW HITPOINT WARNING * * *
The lemure completely misses you. Pikel hits you but does no damage.
The lemure hits you but does no damage.
Unknown command.
Unknown command.
You closely miss Pikel.
Pikel is moderately wounded.
You feel less wooden.
Your +1 robe unmelds from your body.
The lemure hits you.
* * * LOW HITPOINT WARNING * * *
Pikel says, "Hell isn't that bad."
Pikel hits you with a +1 whip of flaming!
You die...
Pikel says, "Another soul for the market."
Hepliaklqana delivers you to your ancestors.

∩.©.## #....####........# W#
#9^.##...# #.......########
.##..5#...####..............#
#..##.##...#.................#
#....###....#.##..............#
............).)).##...........#
............#..#....#.........#
...+...........#K####.........#
...#########...#@# #.........#
.......# ##..5># #.........#
....##.######..### #.........#
##.......÷.....## #############
.##.##.#####...)### #........
..#.##.# #......#######........
.##....# #...........##........
##..#..# #.<.........##........
...###.# #...........##..†.....


You could see Pikel (weak-willed) and a lemure (weak-willed).

Vanquished Creatures
  An orc priest (D:3)
  An orc wizard (D:3)
  4 adders
  2 dart slugs
  2 ribbon worms
  2 orcs (D:3)
  9 endoplasms
  A giant cockroach (D:1)
  9 hobgoblins
  4 jackals
  8 kobolds
  5 quokkas
  3 ball pythons
  8 bats
  A frilled lizard (D:3)
  6 goblins
  4 rats
70 creatures vanquished.

Notes
Turn   | Place    | Note
-------+----------+-------------------------------------------
     0 | D:1      | Leszczynek the Oni Alchemist began the quest for the Orb.
     0 | D:1      | Reached XP level 1. HP: 16/16 MP: 3/3
    72 | D:1      | Reached skill level 1 in Conjurations
   123 | D:1      | You fall into a shaft and drop 1 floor!
   124 | D:2      | come on!
   141 | D:2      | Reached XP level 2. HP: 26/26 MP: 0/5
   208 | D:2      | Reached skill level 3 in Alchemy
   229 | D:2      | Reached skill level 1 in Fighting
   232 | D:2      | Learned a level 2 spell: Mercury Vapours
   514 | D:3      | Reached XP level 3. HP: 33/33 MP: 0/6
   592 | D:2      | Reached skill level 1 in Air Magic
  1130 | D:1      | Reached XP level 4. HP: 42/42 MP: 4/7
  1317 | D:1      | Reached skill level 2 in Fighting
  1461 | D:1      | Learned a level 3 spell: Mephitic Cloud
  1550 | D:1      | Reached skill level 2 in Conjurations
  1731 | D:3      | Found a transporter.
  1736 | D:3      | Noticed a toenail golem
  1742 | D:3      | Noticed a small abomination
  1743 | D:3      | Found a one-way gate to the infinite horrors of the Abyss.
  1743 | D:3      | Noticed 1Anon's ghost (amateur GnSu)
  1744 | D:3      | huh
  1810 | D:3      | Found a transporter.
  2012 | D:3      | Found a blossoming altar of Fedhas.
  2061 | D:3      | Reached XP level 5. HP: 46/50 MP: 4/8
  2113 | D:3      | Found a burning altar of Makhleb.
  2349 | D:3      | Reached skill level 2 in Air Magic
  2356 | D:3      | Noticed a shadow
  2357 | D:3      | Found a shadowy altar of Dithmenos.
  2359 | D:3      | Found a hazy altar of Hepliaklqana.
  2364 | D:3      | Became a worshipper of Hepliaklqana the Forgotten
  2418 | D:4      | Noticed Pikel
  2418 | D:4      | Noticed a lemure
  2418 | D:4      | Noticed a lemure
  2418 | D:4      | Noticed a lemure
  2418 | D:4      | Noticed a lemure
  2419 | D:4      | oh come on...
  2430 | D:3      | Gained mutation: Your muscles are strong. (Str +4, Int/Dex
                  | -1) [potion of mutation]
  2430 | D:3      | Gained mutation: Your mind is acute. (Int +4, Str/Dex -1)
                  | [potion of mutation]
  2430 | D:3      | Gained mutation: You are robust. (+10% HP) [potion of
                  | mutation]
  2431 | D:3      | HP: 11/57 [Pikel/+1 whip of flaming (1)]
  2431 | D:3      | HP: 4/57 [lemure[Pikel] (7)]
  2445 | D:3      | HP: 17/85 [Pikel/+1 whip of flaming (1)]
  2446 | D:3      | wow that's a long confusion
  2450 | D:3      | HP: 11/85 [Pikel/+1 whip of flaming (2)]
  2451 | D:3      | HP: 5/57 [lemure[Pikel] (3)]
  2451 | D:3      | Slain by Pikel

Illustrated notes ######### #......@# #......## #...... ......) [....>. ..###+# . Turn 124 on D:2: come on! ..S ... . ..# ..# ##(.# #.. #...# .##.. ##...#+## ..#.x.##.......# #.[5#@.......# #..?5#........## #.^9 ###........ . #∩.©.## #....#### ... .W# #9^.##...# .... . #..©#...####..... ##.##...#........ ###....#.##..... ........)....## Turn 1744 on D:3: huh #. .. #. .. .# . .# ....####.###### #.l5.5K@55..... #.##########S.. Turn 2419 on D:4: oh come on...

∩.©.## #....####........# W#
#9^.##...# #.......########
.##..5#...####..............#
#..##.##...#.................#
#....###....#.##..............#
............).)).##...........#
............#..#....#.........#
...+...........#K####.........#
...#########...#♣# #.........#
.......# ##..5># #.........#
....##.######..### #.........#
##.......÷.....## #############
.##.##.#####...)### #........
..#.##.# #......#######........
.##....# #...........##........
##..#..# #.<.........##........
...###.# #...........##..†.....


Turn 2446 on D:3: wow that's a long confusion

Levels and vault maps discovered:
D:1:      dpeg_arrival_tiny_c, layout_rooms
D:2:      layout_basic, chequers_serial_rivers_micro_a, minivault_23
D:3:      layout_basic, mainiacjoe_overflow_six_doors_small, bloody_makhleb,
          riverfiend_overflow_shadow_ancestor, gammafunk_ghost_abyssal_escape,
          minmay_ruptured
D:4:      layout_loops_ring, nicolae_sif_muna_condensation, kennysheep_nub,
          minmay_misc_feat_nine_boxes, nicolae_shop_fire_sale
          [nicolae_sub_dead_trees], hangedman_decor_slide_cut,
          nicolae_elemental_shop, chequers_serial_rivers_small_a, uniq_pikel,
          uniq_duvessa

Skill      XL: |  1  2  3  4  5 |
---------------+----------------+-----
Conjurations   | 1 2 |  2.7
Alchemy        | 3 |  3.3
Fighting       | 1 2 |  2.8
Air Magic      | 1 2 |  2.0
Dodging        | |  1.7
Stealth        | |  1.4
Spellcasting   | |  2.8

Action                     |  1- 3 |  4- 6 || total
---------------------------+-------+-------++-------
  Melee: Whip              |    48 |       ||    48
         Unarmed           |     1 |       ||     1
         Headbutt          |     3 |     7 ||    10
         Spear             |    22 |    36 ||    58
         Quarterstaff      |       |    34 ||    34
   Cast: Sting             |    34 |    21 ||    55
         Mercury Vapours   |    12 |    14 ||    26
         Mephitic Cloud    |       |     2 ||     2
    Use: Potion            |       |     6 ||     6
         Scroll            |       |     3 ||     3
 Armour: Robe              |    60 |    43 ||   103
         Skin              |       |    47 ||    47
  Dodge: Dodged            |    41 |    38 ||    79

Table legend: (Time is in decaauts)
 A = Elapsed time spent in this place.
 B = Non-inter-level travel time spent in this place.
 C = Inter-level travel time spent in this place.
 D = Time resting spent in this place.
 E = Time spent auto-exploring this place.
 F = Levels seen in this place.
 G = Mean time per level.
                   A        B        C        D        E       F      G
               +--------+--------+--------+--------+--------+-----+--------+
         Total |   2470 |   2400 |     70 |    808 |      0 |   4 |  617.5 |
       Dungeon |   2470 |   2400 |     70 |    808 |      0 |   4 |  617.5 |
               +--------+--------+--------+--------+--------+-----+--------+

Top non-repeatable levels by time:
     D:2: 960 daAuts
     D:3: 810 daAuts
     D:1: 698 daAuts
     D:4: 1 daAuts
